 Dungeon Crawl Stone Soup version 0.28-a0-533-g9f97627e2a (webtiles) character file.

Game seed: 5690218800621275123

2065 speeev33 the Fighter (level 9, 0/59 HPs)
             Began as a Gargoyle Fighter on Sept 26, 2021.
             Slain by an orc warrior (3 damage)
             ... on level 9 of the Dungeon.
             The game lasted 00:08:23 (8152 turns).

speeev33 the Fighter (Gargoyle Fighter)             Turns: 8152, Time: 00:08:24

Health: 0/59       AC: 21    Str: 22    XL:     9   Next: 26%
Magic:  9/9        EV:  7    Int: 10    God:
Gold:   298        SH:  0    Dex:  9    Spells: 8/8 levels left

rFire   . . .      SeeInvis .   a - +1 flail
rCold   . . .      Faith    +   c - +0 buckler
rNeg    + . .      Spirit   .   l - +0 plate armour
rPois   ∞          Reflect  .   (no helmet)
rElec   +          Harm     .   v - +0 cloak
rCorr   .          Rampage  .   (no gloves)
Will    .....                   (no boots)
Stlth   ..........              e - amulet of faith
HPRegen 0.19/turn               (no ring)
MPRegen 0.11/turn               (no ring)

@: confused
A: sickness immunity, AC +6, negative energy resistance 1, electricity
resistance, torment resistance 1, petrification resistance
a: no special abilities


You were on level 9 of the Dungeon.
You visited 2 branches of the dungeon, and saw 9 of its levels.

You collected 298 gold pieces.

Inventory:

Hand Weapons
 a - a +1 flail (weapon)
Missiles
 n - a throwing net (quivered)
Armour
 c - a +0 buckler (worn)
 l - a +0 plate armour (worn)
 v - a +0 cloak (worn)
Jewellery
 e - an amulet of faith (around neck)
 f - an amulet of the acrobat
 h - a ring of ice
Wands
 o - a wand of polymorph (6)
 r - a wand of iceblast (10)
Scrolls
 d - a scroll of enchant weapon
 j - 2 scrolls of enchant armour
 k - 3 scrolls of teleportation
 m - a scroll of magic mapping
 p - a scroll of blinking
Potions
 b - 5 potions of mutation
 g - a potion of heal wounds
 i - a potion of cancellation {unknown}
 q - a potion of resistance {unknown}
 s - a potion of attraction {unknown}
 t - a potion of curing {unknown}


   Skills:
 + Level 8.1 Fighting
 + Level 7.0 Maces & Flails
 + Level 8.1 Armour
 - Level 4.0 Shields


You had 8 spell levels left.
You didn't know any spells.
Your spell library contained the following spells:

 Spells                   Type           Power      Damage    Failure   Level
 Animate Skeleton         Necr           0%         N/A       99%         1
 Magic Dart               Conj           0%         1d3       99%         1
 Pain                     Necr           0%         1d4       99%         1
 Call Imp                 Summ           0%         N/A       100%        2
 Mephitic Cloud           Conj/Pois/Air  0%         N/A       100%        3
 Vampiric Draining        Necr           0%         2d6       100%        3


Dungeon Overview and Level Annotations

Branches:
Dungeon (7/15)             Temple (1/1) D:5             Orc (0/2) D:9

Altars:
Dithmenos
Elyvilon
Gozag
Kikubaaqudgha
Makhleb
Nemelex Xobeh
Qazlal
Trog
Uskayaw
Vehumet
Wu Jian
The Shining One
Lugonu

Shops:
D:1 !*   D:6 *


Innate Abilities, Weirdness & Mutations

You are immune to sickness and miasma.
Your stone body is resilient. (AC +6)
You are immune to poison.
You resist negative energy. (rN+)
You are resistant to electric shocks. (rElec)
You are resistant to unholy torment.
You are immune to petrification.


Message History

The ball of steam hits you.
* * * LOW HITPOINT WARNING * * *
Your plate armour prevents you from hitting the steam dragon.
The steam dragon is almost dead.
You are engulfed in a cloud of scalding steam.
The steam dragon barely misses you.
The steam dragon claws you but does no damage.
You hear a zap.
You hear a grinding noise.
You hit the steam dragon but do no damage.
The steam dragon is almost dead.
You are engulfed in a cloud of scalding steam.
The steam dragon breathes steam at you. The ball of steam misses you.
You hit the steam dragon but do no damage.
The steam dragon is almost dead.
The steam dragon closely misses you.
The steam dragon claws you but does no damage.
You sock the steam dragon!
You kill the steam dragon!
Your Maces & Flails skill increases to level 7!
You start resting.
An orc wizard comes into view. It is wielding a +0 dagger.
An orc warrior comes into view. It is wielding a +0 glaive.
An orc comes into view. It is wielding a +0 flail.
The orc shouts!
The orc warrior hits you but does no damage.
An orc priest comes into view. It is wielding a +0 club.
The orc priest shouts!
You hear a shout!
The orc warrior hits you but does no damage.
There is an open door here.
The orc warrior hits you from afar with a +0 glaive.
* * * LOW HITPOINT WARNING * * *
The orc priest looks satisfied for a moment.
An orc comes into view. It is wielding a +0 dagger.
The orc wizard closely misses you.
The orc wizard points at you and mumbles some strange words.
You are confused.
You're too confused to move!
The orc warrior hits you from afar with a +0 glaive.
You die...

*,#...........# ***.....#+**
*,****#....#*** *D....#,*** *,*
#....# *.....#,,,,
*****,######'##########.....##***
,,,,,..)o.o........†.†........,,,
*,,,,....###.#o..######.......,,,
*,,,,..,,###.#.o.#*****.......,,,
+,,,,,,,,+......o+,,,,+.......,,,
*,,,,,,,,###....@#*****.......,,,
*,,,,,,,,* ###..)# *####...,,,
,,,,,,,,,* ###o# *...,,,
,,,,,,,,** #.# *,..,,, ,,,,,,,,*
#.# ******* ,,,,,,,,* #.# *,,
,,,,,,,,* #.# *,, ,,,,,,,,* #.#
*,, **,,,,,,********,*** *,,


You could see an orc warrior, an orc wizard and 2 orcs.

Vanquished Creatures
  A steam dragon (D:9)
  Duvessa (D:6)
  A water moccasin (D:6)
  A sky beast (D:6)
  4 ogres
  A phantom (D:5)
  A kobold brigand (D:4)
  A bullfrog (D:4)
  2 gnoll sergeants (D:4)
  3 scorpions
  Dowan (D:6)
  A water moccasin skeleton (D:6)
  3 howler monkeys (D:9)
  A bullfrog zombie (D:6)
  2 centaur skeletons
  3 hounds
  A jelly (D:4)
  Crazy Yiuf (D:6)
  An orc priest (D:5)
  2 iguanas
  12 gnolls
  7 adders
  A white imp (D:6)
  An ufetubus (D:4)
  A dart slug (D:3)
  2 orcs (D:4)
  4 ball pythons
  8 endoplasms
  7 giant cockroaches
  3 goblins
  7 hobgoblins
  2 jackals (D:1)
  A quokka (D:4)
  8 bats
  6 frilled lizards
  10 kobolds
  6 rats
118 creatures vanquished.

Vanquished Creatures (others)
  18 plants (D:4)
18 creatures vanquished.

Grand Total: 136 creatures vanquished

Notes
Turn   | Place    | Note
-------+----------+-------------------------------------------
     0 | D:1      | speeev33 the Gargoyle Fighter began the quest for the Orb.
     0 | D:1      | Reached XP level 1. HP: 14/14 MP: 1/1
   345 | D:1      | Reached XP level 2. HP: 19/19 MP: 2/2
   515 | D:1      | Found Caps's Distillery.
   870 | D:1      | Found Wyedwu's Assorted Antiques.
  1156 | D:2      | Found a burning altar of Makhleb.
  1172 | D:2      | Reached XP level 3. HP: 19/24 MP: 3/3
  1579 | D:2      | Found a faded altar of an unknown god.
  1901 | D:2      | Reached XP level 4. HP: 29/29 MP: 4/4
  2059 | D:3      | Found a radiant altar of Vehumet.
  2680 | D:3      | Reached XP level 5. HP: 33/33 MP: 5/5
  3091 | D:4      | Noticed an ogre
  3095 | D:4      | Killed an ogre
  3096 | D:4      | Reached XP level 6. HP: 12/39 MP: 6/6
  3490 | D:4      | Reached skill level 5 in Fighting
  3490 | D:4      | Reached skill level 5 in Armour
  4194 | D:4      | Reached XP level 7. HP: 25/44 MP: 7/7
  4702 | D:4      | Found a white marble altar of Elyvilon.
  4906 | D:5      | Entered Level 5 of the Dungeon
  5290 | D:5      | Reached skill level 5 in Maces & Flails
  5471 | D:5      | Reached XP level 8. HP: 45/52 MP: 8/8
  5754 | D:5      | Found a staircase to the Ecumenical Temple.
  5771 | Temple   | Entered the Ecumenical Temple
  6881 | D:6      | Noticed Duvessa
  6881 | D:6      | Noticed Dowan
  6888 | D:6      | Killed Dowan
  6931 | D:6      | Killed Duvessa
  7298 | D:6      | Found a runed translucent door.
  7299 | D:6      | Noticed Crazy Yiuf
  7373 | D:6      | Found Naot's General Store.
  7560 | D:6      | Reached XP level 9. HP: 25/58 MP: 9/9
  7834 | D:6      | Found a burning altar of Makhleb.
  7834 | D:6      | Noticed a balrug
  7837 | D:6      | Noticed a hellwing
  7837 | D:6      | Noticed a hellwing
  7975 | D:6      | Killed Crazy Yiuf
  8089 | D:7      | You fall into a shaft and drop 2 floors!
  8147 | D:9      | HP: 2/59 [orc warrior (6)]
  8152 | D:9      | Slain by an orc warrior

Illustrated notes

Levels and vault maps discovered:
D:1:      lightli_arrival_statuegarden, layout_basic, serial_shops,
          nicolae_shop_stone, shop
D:2:      layout_loops_cross, basic_altar, dreamdust_ecumenical_altar_statues,
          skrybe_limestone_x, minmay_tiny_reverse_x
D:3:      layout_basic, nicolae_vehumet_radiance
D:4:      layout_rooms, elyvilon_altar_3, minmay_misc_feat_roman,
          lexackson_kobold_supper
D:5:      layout_cave_pools, minmay_temple_entry_proselytizer,
          serial_bayou_pond_d, hangedman_decor_growths
D:6:      layout_loops_ring, makhleb_altar_promises_db, serial_shops,
          kennysheep_mini_moat, uniq_duvessa, uniq_crazy_yiuf_cottage
D:7:      layout_loops_ring, mainiacjoe_overflow_alcove_4,
          mainiacjoe_overflow_chevrons, serial_shops, shop, uniq_pikel,
          uniq_joseph
D:9:      layout_basic, slow_altar_2, fedhas_altar_1,
          nicolae_overflow_crystal_walls, hiddenorc1_lemuel
Temple:   corrupted_temple

Skill      XL: |  1  2  3  4  5  6  7  8  9 |
---------------+----------------------------+-----
Fighting       | 4 5 6 7 8 |  8.1
Shields        | 4 |  4.0
Armour         | 4 5 6 7 8 |  8.1
Maces & Flails | 3 4 5 6 7 |  7.0

Action                   |  1- 3 |  4- 6 |  7- 9 || total
-------------------------+-------+-------+-------++-------
Melee: Flail             |   133 |   112 |   317 ||   562
Throw: Throwing net      |       |       |     1 ||     1
  Use: Scroll            |     1 |     3 |     8 ||    12
       Potion            |       |     1 |     3 ||     4
 Stab: Invisible         |       |       |     1 ||     1
Armor: Scale mail        |    87 |     9 |       ||    96
       Plate armour      |       |   102 |   229 ||   331
       Skin              |       |    17 |     5 ||    22
Dodge: Dodged            |    66 |    67 |    92 ||   225
Block: Buckler           |    39 |    33 |    63 ||   135

Table legend: (Time is in decaauts)
 A = Elapsed time spent in this place.
 B = Non-inter-level travel time spent in this place.
 C = Inter-level travel time spent in this place.
 D = Time resting spent in this place.
 E = Time spent auto-exploring this place.
 F = Levels seen in this place.
 G = Mean time per level.
                   A        B        C        D        E       F      G
               +--------+--------+--------+--------+--------+-----+--------+
         Total |   8255 |   8018 |    237 |   2252 |   4367 |   9 |  917.2 |
       Dungeon |   8166 |   7940 |    226 |   2252 |   4298 |   8 | 1020.8 |
        Temple |     88 |     77 |     11 |      0 |     69 |   1 |   88.0 |
               +--------+--------+--------+--------+--------+-----+--------+

Top non-repeatable levels by time:
     D:4: 2107 daAuts
     D:6: 1482 daAuts
     D:3: 1456 daAuts
     D:1: 1173 daAuts
     D:5: 951 daAuts
     D:2: 898 daAuts
  Temple: 88 daAuts
     D:9: 64 daAuts
     D:7: 32 daAuts
